 Dungeon Crawl Stone Soup version 0.23.2-40-g277498a001 (webtiles) character file.

Game seed: 10142534671373783158

471 Exodus22XD the Caller (level 6, -2/32 HPs)
             Began as a Deep Elf Wizard on Sept 19, 2019.
             Shot with an arrow by a centaur (19 damage)
             ... on level 5 of the Dungeon.
             The game lasted 00:11:14 (3648 turns).

Exodus22XD the Caller (Deep Elf Wizard)             Turns: 3648, Time: 00:11:14

Health: -2/32      AC:  3    Str:  4    XL:     6   Next: 83%
Magic:  3/14       EV: 16    Int: 25    God:
Gold:   136        SH:  0    Dex: 13    Spells: 2/13 levels left

rFire    . . .     SeeInvis .   b - +2 mace (protect)
rCold    . . .     Gourm    .   (no shield)
rNeg     . . .     Faith    .   a - +0 robe
rPois    .         Spirit   .   v - +0 helmet
rElec    .         Reflect  .   s - scarf {repulsion}
rCorr    .         Harm     .   (no gloves)
MR       .....                  (no boots)
Stlth    +++.......             (no amulet)
HPRegen  0.10/turn              i - +3 ring of evasion
MPRegen  0.14/turn              q - ring of stealth

@: repel missiles
A: no striking features
a: no special abilities


You were on level 5 of the Dungeon.
You were not hungry.

You visited 1 branch of the dungeon, and saw 5 of its levels.

You collected 136 gold pieces.

Inventory:

Hand Weapons
 b - a +2 mace of protection (weapon)
 e - a +0 spear
Armour
 a - a +0 robe (worn)
 s - a scarf of repulsion (worn)
 v - a +0 helmet (worn)
Jewellery
 i - a +3 ring of evasion (left hand)
 q - a ring of stealth (right hand)
Scrolls
 j - 2 scrolls of remove curse
 l - a scroll of identify
 m - 2 scrolls of blinking
 n - a scroll of fog {unknown}
 o - 4 scrolls of teleportation
Potions
 c - a potion of might
 f - a potion of heal wounds {unknown}
 g - 2 potions of flight
 h - a potion of berserk rage {unknown}
 k - a potion of lignification {unknown}
 p - 2 potions of curing {unknown}
 r - a potion of degeneration {unknown}
Comestibles
 d - 10 rations


   Skills:
   Level 0.2 Axes
 - Level 2.4 Dodging
 - Level 2.4 Stealth
 - Level 4.4 Spellcasting
 - Level 4.4 Conjurations
 - Level 4.6 Summonings
 - Level 1.1 Translocations
 * Level 4.2 Fire Magic


You had 2 spell levels left.
You knew the following spells:

 Your Spells              Type           Power        Failure   Level  Hunger
a - Magic Dart            Conj           ####         1%          1    None
b - Call Imp              Summ           ####....     1%          2    None
c - Blink                 Tloc           N/A          9%          2    None
d - Conjure Flame         Conj/Fire      ####....     4%          3    ##.....
e - Mephitic Cloud        Conj/Pois/Air  ##......     14%         3    ##.....

Your spell library contained the following spells:

 Spells                   Type           Power        Failure   Level  Hunger
 Slow                     Hex            #.......     13%         2    None


Dungeon Overview and Level Annotations

Branches:
Dungeon (5/15)
 Temple: D:4-7

Altars:
Cheibriados
Dithmenos
Trog


Message History

The centaur shouts!
The centaur wields a +0 shortbow.
The centaur shoots an arrow.
The arrow hits you!
Casting: Mephitic Cloud (safe; 14% risk of failure)
Confirm with . or Enter, or press ? or * to list all spells.
Aiming: Mephitic Cloud (safe; 14% risk of failure)
Press: ? - help, Shift-Dir - straight line The ball explodes into a vile cloud!
The stinking cloud engulfs the centaur but does no damage.
The centaur shoots an arrow.
The arrow hits you!
Casting: Mephitic Cloud (safe; 14% risk of failure)
Confirm with . or Enter, or press ? or * to list all spells.
Aiming: Mephitic Cloud (safe; 14% risk of failure)
Press: ? - help, Shift-Dir - straight line The ball explodes into a vile cloud!
The stinking cloud engulfs the centaur but does no damage.
The centaur shoots an arrow.
The arrow misses you.
The centaur shoots an arrow.
The arrow hits you!!
Ouch! That really hurt!
You die...

#..÷.[..#........#.#
###.###.#...§...##.#
#.# #.#######.##.#
#.# #.# #.##.# #.#
#.# #.##.# #.# #.#
#....# #.# #(#
#.#### #.# #.# ###
#@# #.# #.# #°# #○#
#c# ..# ###


You could see a centaur.

Vanquished Creatures
  An ice beast (D:4)
  A scorpion (D:4)
  A hound (D:4)
  An iguana (D:5)
  2 worker ants (D:4)
  2 orc wizards (D:3)
  A hound skeleton (D:4)
  Robin (D:4)
  3 adders
  A shadow imp (D:5)
  An ooze (D:1)
  An adder skeleton (D:4)
  3 worms
  3 dart slugs
  6 leopard geckos
  6 orcs
  4 giant cockroaches
  11 goblins
  12 hobgoblins
  7 jackals
  6 kobolds
  3 quokkas
  6 bats
  4 frilled lizards
  6 rats
93 creatures vanquished.

Notes
Turn   | Place    | Note
-------+----------+-------------------------------------------
     0 | D:1      | Exodus22XD the Deep Elf Wizard began the quest for the Orb.
     0 | D:1      | Reached XP level 1. HP: 10/10 MP: 7/7
   146 | D:1      | Reached XP level 2. HP: 15/15 MP: 5/9
   581 | D:1      | Reached XP level 3. HP: 19/19 MP: 0/10
  1167 | D:2      | Learned a level 2 spell: Call Imp
  1170 | D:2      | Learned a level 2 spell: Blink
  1174 | D:2      | Learned a level 3 spell: Conjure Flame
  1300 | D:2      | Reached XP level 4. HP: 24/24 MP: 8/12
  1305 | D:2      | Learned a level 3 spell: Mephitic Cloud
  1694 | D:3      | Found a bloodstained altar of Trog.
  2290 | D:4      | Reached XP level 5. HP: 18/28 MP: 2/13
  2482 | D:4      | Found a snail-covered altar of Cheibriados.
  2880 | D:4      | Reached skill level 1 in Fire Magic
  2880 | D:4      | Reached XP level 6. HP: 32/32 MP: 8/14
  2912 | D:4      | Noticed an ice beast
  2922 | D:4      | Killed an ice beast
  3107 | D:4      | Noticed Robin
  3278 | D:4      | Killed Robin
  3523 | D:5      | Entered Level 5 of the Dungeon
  3568 | D:5      | Found a shadowy altar of Dithmenos.
  3648 | D:5      | Shot with an arrow by a centaur

Skill      XL: |  1  2  3  4  5  6 |
---------------+-------------------+-----
Conjurations   | 2 3 4 |  4.4
Summonings     | 3 4 |  4.6
Fire Magic     | 1 4 |  4.2
Axes           | |  0.2
Dodging        | |  2.4
Stealth        | |  2.4
Spellcasting   | |  4.4
Translocations | |  1.1

Action                   |  1- 3 |  4- 6 || total
-------------------------+-------+-------++-------
Melee: Spear             |     6 |       ||     6
       Hand axe          |       |    10 ||    10
 Cast: Magic Dart        |    89 |   146 ||   235
       Mephitic Cloud    |       |     7 ||     7
       Conjure Flame     |       |     7 ||     7
  Use: Scroll            |       |     6 ||     6
  Eat: Chunk             |     1 |     8 ||     9
Armor: Robe              |     2 |     2 ||     4
Dodge: Dodged            |    14 |    18 ||    32
